 Dungeon Crawl Stone Soup version 0.29-a0-298-g3c90f9a769 (webtiles) character file.

Game seed: 15109339931342905486

4 Dabor the Stinger (level 1, 0/10 HPs)
             Began as a Deep Elf Venom Mage on Mar 23, 2022.
             Slain by a quokka (5 damage)
             ... on level 1 of the Dungeon.
             The game lasted 00:00:16 (395 turns).

Dabor the Stinger (Deep Elf Venom Mage)              Turns: 395, Time: 00:00:16

Health: 0/10       AC:  2    Str:  5    XL:     1   Next: 58%
Magic:  4/6        EV: 12    Int: 19    God:
Gold:   5          SH:  0    Dex: 15    Spells: 5/6 levels left

rFire   . . .      SeeInvis .   (no weapon)
rCold   . . .      Faith    .   (no shield)
rNeg    . . .      Spirit   .   a - +0 robe
rPois   .          Reflect  .   (no helmet)
rElec   .          Harm     .   (no cloak)
rCorr   .          Rampage  .   (no gloves)
Will    .....                   (no boots)
Stlth   ++........              (no amulet)
HPRegen 0.03/turn               (no ring)
MPRegen 0.10/turn               (no ring)

@: no status effects
A: no striking features
a: no special abilities


You were on level 1 of the Dungeon.
You visited 1 branch of the dungeon, and saw 1 of its levels.

You collected 5 gold pieces.

Inventory:

Armour
 a - a +0 robe (worn)
Scrolls
 c - a scroll of blinking {unknown}
Potions
 b - a potion of magic


   Skills:
 + Level 2.5 Dodging
 + Level 2.5 Stealth
 + Level 3.1 Spellcasting
 + Level 1.2 Transmutations
 + Level 3.3 Poison Magic


You had 5 spell levels left.
You knew the following spells:

 Your Spells              Type           Power      Damage    Failure   Level
a - Sting                 Tmut/Pois      44%        1d5       6%          1

Your spell library contained the following spells:

 Spells                   Type           Power      Damage    Failure   Level
 Poisonous Vapours        Pois/Air       18%        N/A       12%         2
 Mephitic Cloud           Conj/Pois/Air  7%         N/A       28%         3
 Olgreb's Toxic Radiance  Pois           15%        N/A       36%         4


Dungeon Overview and Level Annotations

Branches:
Dungeon (1/15)

Altars:


Message History

You can't see any susceptible monsters within range! (Use Z to cast anyway.)
You see here a +0 dagger.
A frilled lizard comes into view.
A frilled lizard is nearby!
A frilled lizard is nearby!
A frilled lizard is nearby!
The sting hits the frilled lizard.
The frilled lizard is poisoned.
You kill the frilled lizard!
You can't see any susceptible monsters within range! (Use Z to cast anyway.)
You can't see any susceptible monsters within range! (Use Z to cast anyway.)
You can't see any susceptible monsters within range! (Use Z to cast anyway.)
You see here a frilled lizard corpse.
A bat comes into view.
A bat is nearby!
A bat is nearby!
You can't see any susceptible monsters within range! (Use Z to cast anyway.)
The sting hits the bat.
The bat is poisoned.
You kill the bat!
You can't see any susceptible monsters within range! (Use Z to cast anyway.)
You can't see any susceptible monsters within range! (Use Z to cast anyway.)
You can't see any susceptible monsters within range! (Use Z to cast anyway.)
You see here a bat corpse.
A frilled lizard comes into view.
A frilled lizard is nearby!
A frilled lizard is nearby!
A quokka comes into view.
You can't see any susceptible monsters within range! (Use Z to cast anyway.)
There are monsters nearby!
The frilled lizard hisses angrily.
You can't see any susceptible monsters within range! (Use Z to cast anyway.)
There are monsters nearby!
The sting hits the frilled lizard.
The frilled lizard is poisoned.
You kill the frilled lizard!
A quokka is nearby!
The sting hits the quokka but does no damage.
The quokka is poisoned.
The quokka bites you.
Ouch! That really hurt!
The quokka bites you.
Ouch! That really hurt!
You die...

#############
#.r@........#
......#########.#
#### ##### #.#
)..### #.#
##...### #####.#
####...## #.....#
.#####..##
#.##### ..##
##..## #.# ...##
##..## #.#


You could see a quokka (poisoned).

Vanquished Creatures
  An endoplasm (D:1)
  A goblin (D:1)
  A bat (D:1)
  2 frilled lizards (D:1)
5 creatures vanquished.

Notes
Turn   | Place    | Note
-------+----------+-------------------------------------------
     0 | D:1      | Dabor the Deep Elf Venom Mage began the quest for the Orb.
     0 | D:1      | Reached XP level 1. HP: 10/10 MP: 6/6
   395 | D:1      | Slain by a quokka

Illustrated notes

Levels and vault maps discovered:
D:1:      dpeg_arrival_central, layout_loops_ring,
          shapermc_ecumenical_altar_mp_ritualfount

Action                   || total
-------------------------++-------
Melee: Unarmed           ||     2
 Cast: Sting             ||     7
Armor: Robe              ||     1

Table legend: (Time is in decaauts)
 A = Elapsed time spent in this place.
 B = Non-inter-level travel time spent in this place.
 C = Inter-level travel time spent in this place.
 D = Time resting spent in this place.
 E = Time spent auto-exploring this place.
 F = Levels seen in this place.
 G = Mean time per level.
                   A        B        C        D        E       F      G
               +--------+--------+--------+--------+--------+-----+--------+
         Total |    395 |    395 |      0 |      0 |    364 |   1 |  395.0 |
       Dungeon |    395 |    395 |      0 |      0 |    364 |   1 |  395.0 |
               +--------+--------+--------+--------+--------+-----+--------+

Top non-repeatable levels by time:
     D:1: 395 daAuts
